 Dungeon Crawl Stone Soup version 0.14-a0-2080-ge317583 (webtiles) character file.

2232 Mitsuki the Unseen (level 9, -1/41 HPs)
             Began as a Spriggan Assassin on Jan 24, 2014.
             Was a Believer of Dithmengos.
             Slain by a killer bee (4 damage)
             ... on Level 7 of the Dungeon.
             The game lasted 00:27:56 (8221 turns).

Mitsuki the Unseen (Spriggan Assassin)              Turns: 8221, Time: 00:27:56

HP  -1/41        AC  3     Str  8      XL: 9   Next:  1%
MP  18/18        EV 16     Int 12      God: Dithmengos [**....]
Gold 249         SH  0     Dex 20      Spells:  1 memorised,  6 levels left

rFire  . . .     SeeInvis +     a - +3 dagger
rCold  + . .     Clarity  .     c - +0 robe
rNeg   + . .     Conserve .     h - +0 buckler
rPois  +         rCorr    .     (helmet restricted)
rElec  .         rRot     .     q - +0 cloak {rPois} (curse)
SustAb . .       Spirit   .     (gloves unavailable)
rMut   .         Warding  .     (boots unavailable)
Saprov . . .     Stasis   .     (no amulet)
MR     +....                    x - ring of positive energy
                                w - ring of protection from cold

@: confused, wreathed by umbra, very quick, somewhat resistant to hostile
enchantments, extremely stealthy
A: unfitting armour, see invisible, herbivore 3, speed 3, slow metabolism 2
a: Shadow Step, Renounce Religion


You were on level 7 of the Dungeon.
You worshipped Dithmengos.
Dithmengos was pleased with you.
You were not hungry.

You visited 2 branches of the dungeon, and saw 8 of its levels.

You collected 249 gold pieces.

Inventory:

Hand weapons
 a - a +3,+3 dagger (weapon)
 b - a +0 blowgun
Missiles
 e - 38 poisoned needles
 f - 2 curare-tipped needles
 C - 4 needles of frenzy
Armour
 c - a +0 robe (worn)
 d - a +0 cloak
 h - a +0 buckler (worn)
 q - a cursed +0 cloak of poison resistance (worn)
Magical devices
 z - a wand of digging (8)
Comestibles
 m - 4 bread rations
 E - a pear
 F - a choko
Scrolls
 g - a scroll of enchant armour {unknown}
 i - 2 scrolls of immolation {unknown}
 j - 3 scrolls of enchant weapon I
 k - 2 scrolls of identify
 n - 6 scrolls of remove curse
 p - a scroll of teleportation {unknown}
 t - a scroll of recharging {unknown}
 v - a scroll of fear
 y - a scroll of curse jewellery {unknown}
 G - 2 scrolls of magic mapping {unknown}
 H - a scroll of noise {unknown}
Jewellery
 r - an uncursed amulet of rage
 w - a ring of protection from cold (left hand)
 x - a ring of positive energy (right hand)
Potions
 l - 2 potions of flight {unknown}
 o - 2 potions of curing {unknown}
 A - a potion of resistance {unknown}
 B - a potion of might {unknown}
 D - a potion of restore abilities {unknown}
 I - 2 potions of berserk rage {unknown}
 J - a potion of speed {unknown}
Books
 s - a book of Dreams

   Spells                             Type                      Level
   *Ensorcelled Hibernation           Hexes/Ice                    2
   Flight                             Charms/Air                   3
   Phase Shift                        Translocation                5
   Shadow Creatures                   Summoning                    5
   Mass Confusion                     Hexes                        6
   Darkness                           Hexes                        7
 u - a book of Wizardry

   Spells                             Type                      Level
   Summon Elemental                   Summoning                    4
   Agony                              Necromancy                   5
   Force Lance                        Conjuration                  5
   Fireball                           Conjuration/Fire             5
   Haste                              Charms                       6
   Invisibility                       Hexes                        6


   Skills:
 - Level 1.5 Fighting
 + Level 4.4 Short Blades
 - Level 2.1 Throwing
 - Level 1.5 Dodging
 + Level 16.8 Stealth


You had 6 spell levels left.
You knew the following spells:

 Your Spells              Type           Power        Failure   Level  Hunger
a - Ensorcelled Hibernat  Hex/Ice        #.....       63%         2    ###....


Dungeon Overview and Level Annotations

Branches:
Dungeon (7/16)             Temple (1/1) D:4

Altars:
Ashenzari
Cheibriados
Dithmengos
Elyvilon
Fedhas
Kikubaaqudgha
Makhleb
Nemelex Xobeh
Okawaru
Sif Muna
Trog
Vehumet
Xom
Yredelemnul
Zin
the Shining One

Annotations:
D:6 Eustachio


Innate Abilities, Weirdness & Mutations

You are tiny and cannot use many weapons and most armour.
You have supernaturally acute eyesight.
You are a herbivore.
You cover ground extremely quickly.
You need consume almost no food.


Message History

The explosion of spores engulfs you!
You are confused.
* * * LOW HITPOINT WARNING * * *
The killer bee appears confused.
The explosion of spores engulfs the killer bee.
The killer bee dies!
The killer bee appears confused.
The explosion of spores engulfs the killer bee.
The killer bee dies!
The explosion of spores engulfs the crimson imp.
The crimson imp dies!
A fungus suddenly grows.
The killer bee buzzes angrily.
Unknown command.
Ouch! Ouch! The killer bee stings you!
* * * LOW HITPOINT WARNING * * *
The killer bee barely misses you.
Ouch! The killer bee stings you.
You die...

### ### #.. ..#### # #.#
#.#.. .# #.# #.#.# ##.###
#.######.#.##/.....
#.##.........k#..#
##.##.###.#.###f..##.##
####..)....<.#..@kk.%.....
#.....).<#########.f.##.##
#.#.###..# #.## ..#...#).#
.# ..#...#....# .
.##...###..# ## ⌠.##+#.
#... .... .. ..... #.....
.# ###.


You could see an active ballistomycete and 2 killer bees.

Vanquished Creatures
  Pikel (D:5)
  Grinder (D:5)
  Menkaure (D:7)
  An orc warrior (D:7)
  2 sky beasts (D:6)
  A centaur (D:5)
  A goliath beetle (D:6)
  2 hounds (D:5)
  2 crimson imps (D:6)
  2 orc priests
  A quasit (D:6)
  Crazy Yiuf (D:6)
  A centaur skeleton (D:4)
  2 iguanas (D:6)
  A scorpion (D:4)
  3 worker ants
  3 orc wizards
  An ogre skeleton (D:6)
  3 gnolls (D:2)
  5 adders
  An inept feature mimic (D:2)
  A white imp (D:6)
  3 worms
  3 giant mites
  An ufetubus (D:6)
  An adder skeleton (D:4)
  14 orcs
  6 giant cockroaches
  13 goblins
  18 hobgoblins
  16 kobolds
  An ooze (D:6)
  2 ball pythons
  12 bats
  2 giant newts
  A giant spore (D:7)
  14 jackals
  A jackal zombie (D:3)
  2 quokkas
  7 rats
154 creatures vanquished.

Vanquished Creatures (others)
  A centaur (D:5)
  3 killer bees (D:7)
  A crimson imp (D:7)
  An orc priest (D:5)
  An orc wizard (D:5)
  A bat (D:5)
  A giant newt (D:5)
  2 goblins (D:5)
  A hobgoblin zombie (D:5)
12 creatures vanquished.

Grand Total: 166 creatures vanquished

Notes
Turn   | Place    | Note
--------------------------------------------------------------
     0 | D:1      | Mitsuki, the Spriggan Assassin, began the quest for the Orb.
     0 | D:1      | Reached XP level 1. HP: 10/10 MP: 2/2
    47 | D:1      | Reached skill level 6 in Stealth
   131 | D:1      | Reached XP level 2. HP: 14/14 MP: 4/4
   457 | D:1      | Reached skill level 7 in Stealth
  1090 | D:1      | Reached XP level 3. HP: 18/18 MP: 6/6
  1495 | D:2      | Reached skill level 8 in Stealth
  1914 | D:2      | Reached XP level 4. HP: 19/22 MP: 8/8
  2488 | D:4      | Found a staircase to the Ecumenical Temple.
  2509 | Temple   | Entered the Ecumenical Temple
  2794 | Temple   | Became a worshipper of Dithmengos
  2962 | D:4      | Reached skill level 9 in Stealth
  3436 | D:3      | Learned a level 2 spell: Ensorcelled Hibernation
  3752 | D:3      | Reached XP level 5. HP: 25/25 MP: 10/10
  3872 | D:3      | Reached skill level 10 in Stealth
  5079 | D:4      | Reached skill level 11 in Stealth
  5079 | D:4      | Reached XP level 6. HP: 27/30 MP: 12/12
  5452 | D:5      | Entered Level 5 of the Dungeon
  5578 | D:5      | Noticed Pikel
  5585 | D:5      | Noticed Grinder
  5586 | D:5      | Killed Pikel
  5586 | D:5      | Reached skill level 13 in Stealth
  5586 | D:5      | Reached XP level 7. HP: 31/33 MP: 14/14
  5594 | D:5      | Killed Grinder
  5594 | D:5      | Reached skill level 14 in Stealth
  5594 | D:5      | Reached XP level 8. HP: 35/37 MP: 16/16
  6194 | D:5      | Reached skill level 15 in Stealth
  6636 | D:6      | Found an ancient bone altar of Kikubaaqudgha.
  6646 | D:6      | Found a shimmering altar of Xom.
  6646 | D:6      | Found a basalt altar of Yredelemnul.
  6710 | D:6      | Noticed Crazy Yiuf
  6716 | D:6      | Killed Crazy Yiuf
  6882 | D:6      | Noticed Eustachio
  6907 | D:6      | Found a glowing golden altar of the Shining One.
  7630 | D:6      | Reached skill level 16 in Stealth
  7887 | D:6      | Acquired Dithmengos' first power
  8154 | D:7      | Found a shattered altar of Ashenzari.
  8161 | D:7      | Noticed Menkaure
  8168 | D:7      | Killed Menkaure
  8168 | D:7      | Reached XP level 9. HP: 41/41 MP: 18/18
  8221 | D:7      | Slain by a killer bee

Action                   |  1- 3 |  4- 6 |  7- 9 || total
-------------------------+-------+-------+-------++-------
Melee: Dagger            |   199 |   210 |   173 ||   582
 Fire: Blowgun           |       |    54 |    33 ||    87
Evoke: Wand              |       |       |     2 ||     2
  Use: Scroll            |       |    11 |       ||    11
       Potion            |       |     1 |       ||     1
 Stab: Sleeping          |     5 |    16 |    29 ||    50
       Distracted        |       |     4 |     2 ||     6
